 Dungeon Crawl Stone Soup version 0.13-a0-3140-gbdcfb35 (webtiles) character file.

152 Kae the Firebug (level 3, -1/19 HPs)
             Began as a Tengu Fire Elementalist on Sept 22, 2013.
             Slain by Ijyb
             ... wielding a +0,+2 dagger
              (5 damage)
             ... on Level 2 of the Dungeon.
             The game lasted 00:03:25 (2182 turns).

Kae the Firebug (Tengu Fire Elementalist)           Turns: 2182, Time: 00:03:25

HP  -1/19        AC  2     Str  8      XL: 3   Next: 70%
MP   0/7         EV 12     Int 16      God:
Gold 105         SH  0     Dex 14      Spells:  1 memorised,  4 levels left

Res.Fire  : . . .   See Invis. : .   k - +0 dagger
Res.Cold  : . . .   Warding    : .   a - +0 robe
Life Prot.: . . .   Conserve   : .   (no shield)
Res.Poison: .       Res.Corr.  : .   (helmet restricted)
Res.Elec. : .       Clarity    : .   (no cloak)
Sust.Abil.: . .     Spirit.Shd : .   (no gloves)
Res.Mut.  : .       Stasis     : .   (boots unavailable)
Res.Rott. : .       Flight     : .   (no amulet)
Saprovore : . . .                    (no ring)
                                     (no ring)

@: very slightly contaminated, not resistant to hostile enchantments, fairly
stealthy
A: beak, talons 3
a: no special abilities


You were on level 2 of the Dungeon.
You were hungry.

You visited 1 branch of the dungeon, and saw 2 of its levels.

You collected 85 gold pieces.

Inventory:

Hand weapons
 k - a +0,+0 dagger (weapon)
Missiles
 l - 14 darts (quivered)
 u - 11 darts of frost
Armour
 a - a +0 robe (worn)
Comestibles
 c - a bread ration
 v - a sausage
Scrolls
 e - a scroll of remove curse {unknown}
 g - 3 scrolls of identify {unknown}
 h - a scroll of magic mapping {unknown}
 j - a scroll of enchant armour {unknown}
 o - a scroll of teleportation {unknown}
 p - a scroll of enchant weapon II {unknown}
 r - a scroll of curse jewellery {unknown}
 s - a scroll of fear {unknown}
 t - a scroll of random uselessness {unknown}
Jewellery
 i - an uncursed ring of flight {unknown}
 q - an uncursed ring of poison resistance {unknown}
Potions
 f - a potion of curing {unknown}
 m - a potion of resistance {unknown}
 n - a potion of brilliance {unknown}
Books
 b - a book of Flames

   Spells                             Type                      Level
   *Flame Tongue                      Conjuration/Fire             1
   Throw Flame                        Conjuration/Fire             2
   Conjure Flame                      Conjuration/Fire             3
   Inner Flame                        Hexes/Fire                   3
   Sticky Flame                       Conjuration/Fire             4
   Fireball                           Conjuration/Fire             5


   Skills:
 - Level 2.1 Dodging
 - Level 2.0 Stealth
 + Level 1.5 Spellcasting
 * Level 3.4 Conjurations
 + Level 3.8 Fire Magic


You had 4 spell levels left.
You knew the following spells:

 Your Spells              Type           Power        Failure   Level  Hunger
a - Flame Tongue          Conj/Fire      ##...        6%          1    ##.....


Dungeon Overview and Level Annotations

Branches:
Dungeon (2/27)

Altars:

Annotations:
D:2 Ijyb


Innate Abilities, Weirdness & Mutations

You have a beak for a mouth.
You have claws for feet.


Message History

Ijyb is heavily wounded.
Ijyb closely misses you.
Casting: Flame Tongue
Confirm with . or Enter, or press ? or * to list all spells.
Aiming: Flame Tongue
Press: ? - help, Shift-Dir - straight line, f/p - Ijyb
Aim: Ijyb, wielding a dagger and wearing an orcish chain mail (heavily wounded)
The flame hits Ijyb.
Ijyb is heavily wounded.
Ijyb hits you with a dagger.
* * * LOW HITPOINT WARNING * * *
Casting: Flame Tongue
Confirm with . or Enter, or press ? or * to list all spells.
Aiming: Flame Tongue
Press: ? - help, Shift-Dir - straight line, f/p - Ijyb
Aim: Ijyb, wielding a dagger and wearing an orcish chain mail (heavily wounded)
The flame hits Ijyb.
Ijyb appears unharmed.
Ijyb is heavily wounded.
Ijyb hits you with a dagger.
You die...

+ #.......# #.........# #
####'#### #.........# #
###..# #.........# # #...##
###.####### #.### #...#
###.######## ###.##
###..........# #..#
#...(.......)##########'###
#.#.>..........g@.##......#
# #..........####.('......#
#..........# ####......#
#..........# #......#
##.######### ####'### #.
#....# #. ##.#### #..#
####'########


You could see Ijyb.

Vanquished Creatures
  A gnoll (D:1)
  A worm (D:2)
  3 giant cockroaches
  3 goblins
  6 hobgoblins
  2 jackals (D:1)
  A kobold (D:1)
  7 bats
  A giant newt (D:1)
  6 rats (D:1)
31 creatures vanquished.

Notes
Turn   | Place    | Note
--------------------------------------------------------------
     0 | D:1      | Kae, the Tengu Fire Elementalist, began the quest for the Orb.
     0 | D:1      | Reached XP level 1. HP: 10/10 MP: 3/3
   492 | D:1      | Reached XP level 2. HP: 15/15 MP: 0/5
  1581 | D:1      | Reached XP level 3. HP: 10/19 MP: 1/7
  2083 | D:2      | Noticed Ijyb
  2182 | D:2      | Slain by Ijyb

Action                   || total
-------------------------++-------
Melee: Unarmed           ||    10
       Dagger            ||     1
 Cast: Flame Tongue      ||    79
  Use: Potion            ||     1
